AoeStats
← SlayerTi

Four Lakes

509357808Analyzed
1v1 RM · 7d ago on Sep 26, 2026· 20m 25s· 2 players
Game mode
Random Map
Map size
Tiny (2 player)
Population
200
Speed
Normal
Resources
Standard
Victory
Conquest
Starting age
Dark Age
Ending age
Imperial Age
RankedLock teamsTeams togetherTeam positionsShared explorationLock speedFull tech treeHidden civsTurbo modeCheats
Victory
Defeat
🇧🇷 Spanish · Brazil
1314
+13
🇻🇳 Japanese · Vietnam
1242
-13
CapoT
8:30 Loom
10:31 Feudal Age
14:20 Castle Age
15:09 Double-Bit Axe
SlayerTi
7:10 Loom
10:04 Feudal Age
10:34 Double-Bit Axe
11:04 Man-at-Arms
12:27 Arson
14:04 Scale Mail Armor
19:58 Castle Age
19:10 Fletching
20:43 Padded Archer Armor
20:44 Bodkin Arrow
Connection lost

Rejoining the realm…

Still unreachable

The connection could not be restored.

Session expired

The server has moved on; the page needs a fresh start.